 Dungeon Crawl Stone Soup version 0.31-a0-365-gcf821cafb2 (webtiles) character file.

Game seed: 12131312329863666456

2545 CraigForest the Grappler (level 9, -8/65 HPs)
             Began as a Merfolk Shapeshifter on July 28, 2023.
             Was an Initiate of Gozag.
             Mangled by a two-headed ogre
             ... wielding a +0 dire flail
              (13 damage)
             ... on level 8 of the Dungeon.
             The game lasted 00:35:18 (6096 turns).

CraigForest the Grappler (Merfolk Shapeshifter)     Turns: 6096, Time: 00:35:18

Health: -8/65      AC: 10    Str: 19    XL:     9   Next: 55%
Magic:  9/9        EV:  9    Int:  7    God:    Gozag
Gold:   2063       SH:  0    Dex: 15    Spells: 8/8 levels left

rFire   . .          .
                       - Unarmed
rCold   . . .        (no shield)
rNeg    . . .        A - +2 chain mail {Will+}
rPois   .            (helmet currently unavailable)
rElec   .            i - melded +0 cloak
rCorr   .            u - melded +2 pair of gloves
SInv    .            (boots currently unavailable)
Will    +....        (no amulet) Stlth
                     (no ring)
HPRegen 0.30/turn    (no ring)
MPRegen 0.11/turn

%: no passive effects
@: beast-form, gold aura, studying Unarmed Combat
A: beast (slay +5), (nimble swimmer 2), mertail
a: Begin Untransformation, Renounce Religion, Potion Petition, Call Merchant,
Bribe Branch


You were on level 8 of the Dungeon.
You worshipped Gozag.
Gozag was most pleased with you.
You were a hulking beast.
You visited 2 branches of the dungeon, and saw 9 of its levels.

You collected 2063 gold pieces.

Inventory:

Hand Weapons
 b - a +0 trident
 e - a +0 hand axe
 j - a +3 orcbow
 v - a +2 arbalest of flaming
 x - a +2 whip of flaming
 z - a +0 morningstar of protection
Missiles
 t - 11 atropa-tipped darts
 w - 16 poisoned darts
Armour
 a - a +0 animal skin
 g - an orb of mayhem
 i - a +0 cloak (melded)
 p - a +1 ring mail
 u - a +2 pair of gloves (melded)
 y - the +1 robe of Pride {rF+ rCorr Int-5 Dex+6}
   (You found it on level 5 of the Dungeon)

   Int:       It affects your intelligence (-5).
   Dex:       It affects your dexterity (+6).
   rF:        It protects you from fire.
   rCorr:     It protects you from acid and corrosion.
 A - a +2 chain mail of willpower (worn)
Talismans
 c - a beast talisman
Wands
 m - a wand of roots (6) (quivered)
Scrolls
 d - 5 scrolls of teleportation
 k - a scroll of enchant armour
 q - a scroll of blinking {unknown}
Potions
 f - 2 potions of magic
 h - a potion of haste {unknown}
 l - 2 potions of curing
 n - a potion of brilliance {unknown}
 o - a potion of cancellation {unknown}
 r - a potion of ambrosia
 s - a potion of might


   Skills:
 + Level 3.8 Fighting
 + Level 5.0 Dodging
 + Level 3.0 Stealth
 + Level 14.4 Unarmed Combat
 + Level 0.3 Evocations
 + Level 8.1 Shapeshifting


You had 8 spell levels left.
You didn't know any spells.
Your spell library contained the following spells:

 Spells                   Type           Power      Damage    Failure   Level
 Stone Arrow              Conj/Erth      0%         3d7       100%        3
 Animate Armour           Summ/Erth      0%         N/A       100%        4
 Lehudib's Crystal Spear  Conj/Erth      0%         10d2      100%        8


Dungeon Overview and Level Annotations

Branches:
Dungeon (8/15)             Temple (1/1) D:7
   Lair: D:8-11

Altars:
Ashenzari
Cheibriados
Dithmenos
Fedhas
Gozag
Hepliaklqana
Kikubaaqudgha
Makhleb
Nemelex Xobeh
Ru
Sif Muna
Trog
Vehumet
Xom
Yredelemnul
Zin
The Shining One


Innate Abilities, Weirdness & Mutations

You are a hulking beast.
Your limbs bulge with bestial killing power. (Slay +5)
((You are very nimble when in or above water. (Stealth+, EV+, Speed+++)))
Your lower body shifts to a powerful aquatic tail in water.


Message History

There is a stone staircase leading up, spattered with blood here.
Items here: ))) [[.
You punch the gnoll bouda! Your punch misses the gnoll bouda.
The gnoll bouda is heavily wounded.
The gnoll bouda misses you.
You punch the gnoll bouda!
You kill the gnoll bouda!
You now have 2063 gold pieces (gained 6).
Things that are here:
a +0 whip; a +0 leather armour; a +0 whip
There is a stone staircase leading up, spattered with blood here.
Items here: ))) [[.
Your attacks no longer feel as feeble.
You climb upwards.
The two-headed ogre hits you with a +0 dire flail!
The two-headed ogre barely misses you. The orc completely misses you.
There is a stone staircase leading down, spattered with blood here.
The orc priest looks encouraged for a moment.
The orc hits you but does no damage.
The two-headed ogre hits you with a +0 dire flail!!
The two-headed ogre hits you with a +0 giant club!
You climb downwards.
There is a stone staircase leading up, spattered with blood here.
Items here: ))) [[.
You hit the orc.
The orc is almost dead.
The orc completely misses you.
You punch the orc!
You kill the orc!
The two-headed ogre barely misses you.
The two-headed ogre hits you with a +0 giant club!!
* * * LOW HITPOINT WARNING * * *
You punch the two-headed ogre!
The two-headed ogre is lightly wounded.
You hit the two-headed ogre.
The two-headed ogre is lightly wounded.
The two-headed ogre barely misses you.
The two-headed ogre hits you with a +0 giant club!
You die...
Your body crumbles into a pile of gold.

###
..#
#.#
#.#
#$#
#h#
#O#
#.#
###


You could see a two-headed ogre.

Vanquished Creatures
  A troll (D:8)
  Sigmund (D:6)
  3 yaks (D:6)
  A sky beast (D:5)
  An orc warrior (D:7)
  An ogre (D:8)
  A centaur (D:7)
  3 kobold brigands
  2 scorpions (D:5)
  A gnoll sergeant (D:7)
  2 bullfrogs
  2 howler monkeys (D:7)
  2 jellies
  4 gnoll boudas
  4 hounds
  3 orc priests
  5 orc wizards
  8 gnolls
  6 adders
  2 white imps (D:6)
  2 ufetubi
  A dart slug (D:4)
  33 orcs
  5 bats
  6 endoplasms
  3 giant cockroaches
  5 goblins
  7 hobgoblins
  7 jackals
  13 kobolds
  3 quokkas
  8 ball pythons
  3 frilled lizards
  4 rats
153 creatures vanquished.

Notes
Turn   | Place    | Note
-------+----------+-------------------------------------------
     0 | D:1      | CraigForest the Merfolk Shapeshifter began the quest for
                  | the Orb.
     0 | D:1      | Reached XP level 1. HP: 15/15 MP: 1/1
   195 | D:1      | Reached XP level 2. HP: 21/21 MP: 2/2
   212 | D:1      | Found a faded altar of an unknown god.
   219 | D:1      | Prayed at the altar of an unknown god.
   219 | D:1      | Became a worshipper of Gozag Ym Sagoz the Greedy
   735 | D:2      | Reached XP level 3. HP: 26/26 MP: 3/3
  1117 | D:2      | Reached skill level 4 in Unarmed Combat
  1226 | D:2      | Identified a scroll of acquirement
  1226 | D:2      | Acquired a manual of Unarmed Combat
  1253 | D:2      | Reached XP level 4. HP: 32/32 MP: 4/4
  1490 | D:3      | Reached skill level 5 in Shapeshifting
  1492 | D:3      | Reached skill level 1 in Stealth
  1492 | D:3      | Reached skill level 5 in Unarmed Combat
  1492 | D:3      | Reached XP level 5. HP: 28/37 MP: 5/5
  1959 | D:4      | Found an ancient bone altar of Kikubaaqudgha.
  2073 | D:4      | Reached skill level 6 in Unarmed Combat
  2079 | D:4      | Reached XP level 6. HP: 37/43 MP: 6/6
  2127 | D:4      | Found a burning altar of Makhleb.
  2836 | D:5      | Entered Level 5 of the Dungeon
  2909 | D:5      | Noticed a sky beast
  2925 | D:5      | Killed a sky beast
  2926 | D:5      | Reached skill level 7 in Unarmed Combat
  3227 | D:5      | Reached XP level 7. HP: 34/49 MP: 7/7
  3408 | D:5      | Reached skill level 8 in Unarmed Combat
  3446 | D:5      | Identified the +1 robe of Pride {rF+ rCorr Int-5 Dex+6}
  3811 | D:5      | Found a sacrificial altar of Ru.
  3892 | D:6      | Noticed Sigmund
  3903 | D:6      | Killed Sigmund
  3904 | D:6      | Reached skill level 9 in Unarmed Combat
  4032 | D:6      | Noticed a yak
  4032 | D:6      | Noticed a yak
  4034 | D:6      | Noticed a yak
  4044 | D:6      | Killed a yak
  4045 | D:6      | Reached XP level 8. HP: 47/56 MP: 8/8
  4049 | D:6      | Killed a yak
  4050 | D:6      | Reached skill level 10 in Unarmed Combat
  4055 | D:6      | Killed a yak
  4218 | D:6      | Found a blossoming altar of Fedhas.
  4239 | D:6      | Reached skill level 11 in Unarmed Combat
  4398 | D:6      | Found a basalt altar of Yredelemnul.
  4474 | D:6      | Acquired 724 gold pieces
  4882 | D:7      | Reached skill level 12 in Unarmed Combat
  4994 | D:7      | Reached XP level 9. HP: 27/64 MP: 9/9
  5074 | D:7      | Found a staircase to the Ecumenical Temple.
  5083 | Temple   | Entered the Ecumenical Temple
  5280 | D:7      | Reached skill level 13 in Unarmed Combat
  5303 | D:7      | Noticed a troll
  5478 | D:8      | Killed a troll
  5643 | D:8      | Reached skill level 14 in Unarmed Combat
  5872 | D:7      | Reached skill level 5 in Dodging
  5878 | D:7      | HP: 3/65 [gnoll bouda/+0 whip (2)]
  5878 | D:7      | Noticed a two-headed ogre
  6096 | D:8      | Mangled by a two-headed ogre

Illustrated notes

Levels and vault maps discovered:
D:1:      giann_horns, layout_basic, shapermc_ecumenical_altar_gd
D:2:      layout_loops_ring, minmay_crystal_room, minmay_increasing_density
D:3:      layout_rooms
D:4:      layout_cave_pods, mainiacjoe_overflow_concentric_impassable,
          mainiacjoe_overflow_boulevard
D:5:      layout_basic, nicolae_ru_path_of_blood,
          nicolae_concentric_dashed_squares_wild, hangedman_decor_growths
D:6:      layout_gridville, amcnicky_altar_gilded, old_standard_altar,
          st_stairs_7, uniq_sigmund
D:7:      lemuel_castle_with_subvaults [lemuel_castle_interior_original],
          layout_basic, mainiacjoe_overflow_big_doors, lemuel_temple_firewalk_b
D:8:      layout_basic, nicolae_looking_at_the_future, uniq_joseph, uniq_psyche
Temple:   jpeg_temple_clearing

Skill      XL: |  1  2  3  4  5  6  7  8  9 |
---------------+----------------------------+-----
Unarmed Combat | 4 5 6 7 9 12 14 | 14.4
Dodging        | 3 4 5 |  5.0
Shapeshifting  | 5 6 7 8 |  8.1
Stealth        | 1 2 3 |  3.0
Fighting       | 2 3 |  3.8
Evocations     | |  0.3

Action                     |  1- 3 |  4- 6 |  7- 9 || total
---------------------------+-------+-------+-------++-------
  Melee: Unarmed           |    80 |   141 |   175 ||   396
         Punch             |     2 |       |    11 ||    13
Ability: Begin Untransform |       |       |     2 ||     2
  Evoke: Wand              |       |     1 |     1 ||     2
    Use: Scroll            |     3 |     5 |     4 ||    12
         Potion            |       |     2 |       ||     2
   Stab: Sleeping          |     2 |       |       ||     2
         Distracted        |     1 |     1 |     1 ||     3
 Armour: Animal skin       |    13 |       |       ||    13
         Ring mail         |     1 |    32 |       ||    33
         Skin              |       |     7 |       ||     7
         Plate armour      |       |    23 |    29 ||    52
         Chain mail        |       |     8 |    35 ||    43
  Dodge: Dodged            |    40 |    79 |    72 ||   191
   Form: Beast             |       |       |     2 ||     2

Table legend: (Time is in decaauts)
 A = Elapsed time spent in this place.
 B = Non-inter-level travel time spent in this place.
 C = Inter-level travel time spent in this place.
 D = Time resting spent in this place.
 E = Time spent auto-exploring this place.
 F = Levels seen in this place.
 G = Mean time per level.
                   A        B        C        D        E       F      G
               +--------+--------+--------+--------+--------+-----+--------+
         Total |   6040 |   5165 |    875 |      0 |   3283 |   9 |  671.1 |
       Dungeon |   5918 |   5043 |    875 |      0 |   3163 |   8 |  739.8 |
        Temple |    121 |    121 |      0 |      0 |    120 |   1 |  121.0 |
               +--------+--------+--------+--------+--------+-----+--------+

Top non-repeatable levels by time:
     D:5: 1002 daAuts
     D:6: 988 daAuts
     D:4: 918 daAuts
     D:2: 793 daAuts
     D:8: 746 daAuts
     D:1: 590 daAuts
     D:3: 516 daAuts
     D:7: 362 daAuts
  Temple: 121 daAuts
